 Dungeon Crawl Stone Soup version 0.27.1-4-g1640c2035a (webtiles) character file.

Game seed: 3278961276370694348

1003 Crownlay the Cleaver (level 8, -2/67 HPs)
             Began as a Hill Orc Fighter on Nov 6, 2021.
             Was a Follower of Okawaru.
             Slain by a two-headed ogre (20 damage)
             ... on level 5 of the Dungeon.
             The game lasted 00:05:09 (4318 turns).

Crownlay the Cleaver (Hill Orc Fighter)             Turns: 4318, Time: 00:05:09

Health: -2/67      AC:  9    Str: 21    XL:     8   Next: 20%
Magic:  10/10      EV:  9    Int:  8    God:    Okawaru [*.....]
Gold:   248        SH:  7    Dex: 10    Spells: 7/7 levels left

rFire    . . .     SeeInvis .   a - +0 war axe
rCold    . . .     Faith    .   u - +2 buckler
rNeg     . . .     Spirit   .   b - +0 scale mail
rPois    .         Reflect  .   s - +0 helmet
rElec    .         Harm     .   (no cloak)
rCorr    .         Rampage  .   j - +0 pair of gloves
Will     .....                  (no boots)
Stlth    ..........             (no amulet)
HPRegen  0.21/turn              (no ring)
MPRegen  0.12/turn              (no ring)

@: mighty
A: no striking features
a: Renounce Religion, Heroism


You were on level 5 of the Dungeon.
You worshipped Okawaru.
Okawaru was aware of your devotion.
You visited 2 branches of the dungeon, and saw 6 of its levels.

You collected 248 gold pieces.

Inventory:

Hand Weapons
 a - a +0 war axe (weapon)
Armour
 b - a +0 scale mail (worn)
 c - a +0 kite shield
 j - a +0 pair of gloves (worn)
 s - a +0 helmet (worn)
 u - a +2 buckler (worn)
Jewellery
 n - a ring of flight
 t - an amulet of the acrobat
Scrolls
 e - 6 scrolls of identify
 g - a scroll of immolation
 h - a scroll of brand weapon
 i - 2 scrolls of teleportation
 k - a scroll of magic mapping {unknown}
 o - a scroll of acquirement {unknown}
 r - a scroll of torment {unknown}
 v - a scroll of amnesia {unknown}
Potions
 d - a potion of might
 f - 2 potions of curing
 l - a potion of degeneration {unknown}
 m - a potion of heal wounds {unknown}
 p - a potion of lignification {unknown}
 w - a potion of haste {unknown}
 x - a potion of ambrosia {unknown}


   Skills:
 + Level 4.7 Fighting
 * Level 9.8 Axes
 - Level 3.2 Armour
 - Level 5.7 Shields
 + Level 3.2 Invocations


You had 7 spell levels left.
You didn't know any spells.
Your spell library contained the following spells:

 Spells                   Type           Power      Damage    Failure   Level
 Foxfire                  Conj/Fire      0%         2x1d4     75%         1
 Magic Dart               Conj           0%         1d3       75%         1
 Call Imp                 Summ           0%         N/A       87%         2
 Conjure Flame            Conj/Fire      0%         6-21      98%         3
 Dazzling Flash           Conj/Hex       0%         N/A       98%         3
 Inner Flame              Hex/Fire       0%         N/A       98%         3
 Mephitic Cloud           Conj/Pois/Air  0%         N/A       98%         3
 Iskenderun's Mystic Bla  Conj/Tloc      0%         2d3       100%        4
 Starburst                Conj/Fire      0%         6d3       100%        6


Dungeon Overview and Level Annotations

Branches:
Dungeon (5/15)             Temple (1/1) D:4

Altars:
Ashenzari
Cheibriados
Dithmenos
Gozag
Kikubaaqudgha
Makhleb
Okawaru
Qazlal
Sif Muna
Trog
Uskayaw
Xom
Zin

Shops:
D:3 ?


Message History

You closely miss the iguana.
The iguana is severely wounded.
The iguana bites you.
You barely miss the iguana.
The iguana is severely wounded.
The iguana hisses menacingly.
The iguana bites you.
You hit the iguana.
The iguana is almost dead.
The iguana bites you!
You hit the iguana.
You kill the iguana!
Okawaru accepts your kill.
No target in view!
Found an orange potion.
A two-headed ogre comes into view. It is wielding two +0 giant clubs.
The two-headed ogre shouts in stereo!
A two-headed ogre is nearby!
Okay, then.
You aren't carrying any items that you can evoke.
Unknown command.
You feel very mighty all of a sudden.
You slash the two-headed ogre!
The two-headed ogre is moderately wounded.
The two-headed ogre barely misses you. x2
You barely miss the two-headed ogre.
The two-headed ogre is moderately wounded.
You slash the two-headed ogre!
The two-headed ogre is heavily wounded.
The two-headed ogre closely misses you.
The two-headed ogre hits you with a +0 giant club!
You slash the two-headed ogre!
The two-headed ogre is severely wounded.
The two-headed ogre hits you with a +0 giant club! x2
* * * LOW HITPOINT WARNING * * *
You hit the two-headed ogre.
The two-headed ogre is almost dead.
You block the two-headed ogre's attack.
The two-headed ogre hits you with a +0 giant club!!
You die...

....# #.................#..>#
....# #....†...>........#...#
....# #.................#...#
...## .# #...##.#######...##...#
...###(.###...##.####.#######...#
......(....^..#.......... #...#
..............+.......... #...#
..............#.......... #...#
..###...##....##@####..######.).#
### ...##....##O# .##..##)).#
...........# #........# .... ...#
#........# [.. .!..# #........#
..##.# ##.##....# ### #.#
######### ...


You could see a two-headed ogre.

Vanquished Creatures
  A water moccasin (D:3)
  A black bear (D:4)
  3 ogres
  A scorpion (D:3)
  A centaur zombie (D:5)
  A hound (D:5)
  2 orc priests (D:4)
  A jelly (D:5)
  2 iguanas (D:5)
  Natasha (thrice) (D:3)
  2 orc wizards
  4 adders
  An ufetubus (D:5)
  A worm (D:2)
  4 dart slugs
  17 orcs
  3 bats (D:1)
  8 endoplasms
  3 giant cockroaches (D:1)
  6 goblins
  6 hobgoblins
  11 jackals
  8 kobolds
  3 quokkas
  3 ball pythons (D:1)
  2 frilled lizards
  7 rats
  A spectral kobold (D:1)
106 creatures vanquished.

Notes
Turn   | Place    | Note
-------+----------+-------------------------------------------
     0 | D:1      | Crownlay the Hill Orc Fighter began the quest for the Orb.
     0 | D:1      | Reached XP level 1. HP: 19/19 MP: 1/1
    59 | D:1      | Reached skill level 3 in Axes
    66 | D:1      | Reached XP level 2. HP: 20/26 MP: 2/2
   319 | D:1      | Found a faded altar of an unknown god.
   447 | D:1      | Reached skill level 4 in Axes
   448 | D:1      | Reached XP level 3. HP: 31/31 MP: 3/3
  1265 | D:2      | Reached XP level 4. HP: 38/39 MP: 4/4
  1314 | D:2      | Reached skill level 5 in Axes
  1633 | D:3      | Reached XP level 5. HP: 29/45 MP: 5/5
  1816 | D:3      | Noticed a water moccasin
  1837 | D:3      | Killed a water moccasin
  1838 | D:3      | Reached skill level 6 in Axes
  1838 | D:3      | Reached XP level 6. HP: 48/51 MP: 6/6
  1928 | D:3      | Found Vali's Magic Scroll Shoppe.
  1948 | D:3      | Reached skill level 7 in Axes
  1948 | D:3      | Reached skill level 5 in Shields
  2298 | D:3      | Noticed Natasha
  2305 | D:3      | Killed Natasha
  2341 | D:3      | Noticed Natasha
  2344 | D:3      | Killed Natasha
  2405 | D:3      | Noticed Natasha
  2409 | D:3      | Killed Natasha
  2456 | D:4      | Reached skill level 8 in Axes
  2456 | D:4      | Reached XP level 7. HP: 24/57 MP: 7/7
  2636 | D:4      | Found a staircase to the Ecumenical Temple.
  2648 | Temple   | Entered the Ecumenical Temple
  2704 | Temple   | Became a worshipper of Warmaster Okawaru
  2770 | D:4      | Identified the +0 scale mail of Too Many Cooks {rElec rPois
                  | Str+6 SInv}
  3039 | D:4      | Reached skill level 1 in Invocations
  3679 | D:5      | Entered Level 5 of the Dungeon
  3723 | D:5      | Reached skill level 9 in Axes
  3874 | D:5      | Reached * piety under Okawaru
  4071 | D:5      | Reached XP level 8. HP: 67/67 MP: 9/9
  4310 | D:5      | Noticed a two-headed ogre
  4318 | D:5      | Slain by a two-headed ogre

Illustrated notes

Levels and vault maps discovered:
D:1:      lemuel_arrival_rhombus, layout_rooms,
          dreamdust_ecumenical_altar_drowned_temple
D:2:      minmay_alternating_diamond, layout_basic
D:3:      layout_rooms, serial_shops, shop, uniq_natasha
D:4:      layout_basic, minmay_temple_entry_mist
D:5:      layout_gridville
Temple:   dshaligram_water_room_temple

Skill      XL: |  1  2  3  4  5  6  7  8 |
---------------+-------------------------+-----
Axes           | 3 4 5 6 8 9 |  9.8
Shields        | 4 5 |  5.7
Invocations    | 2 3 |  3.2
Fighting       | 4 |  4.7
Armour         | |  3.2

Action                   |  1- 3 |  4- 6 |  7- 9 || total
-------------------------+-------+-------+-------++-------
Melee: War axe           |    96 |    84 |    93 ||   273
Throw: Throwing net      |       |     2 |     2 ||     4
  Use: Scroll            |     1 |     1 |     2 ||     4
       Potion            |       |       |     1 ||     1
 Stab: Held in net/web   |       |     1 |     1 ||     2
Armor: Scale mail        |    55 |    53 |    38 ||   146
Dodge: Dodged            |    49 |    46 |    35 ||   130
Block: Buckler           |       |     7 |    27 ||    34
